 Dungeon Crawl Stone Soup version 0.28-a0-863-g8cecda6153 (webtiles) character file.

Game seed: 154756593607912821

313 siradein the Ducker (level 6, 0/43 (47) HPs)
             Began as a Demonspawn Gladiator on Nov 19, 2021.
             Slain by a wight (10 damage)
             ... on level 5 of the Dungeon.
             The game lasted 00:09:47 (2497 turns).

siradein the Ducker (Demonspawn Gladiator)          Turns: 2497, Time: 00:09:47

HP:   0/43 (47)     AC:  6    Str: 16    XL:     6   Next: 19%
MP:   6/6           EV: 13    Int:  9    God:
Gold: 112           SH:  0    Dex: 15    Spells: 5/5 levels left

rFire   . . .      SeeInvis .   l - +0 quarterstaff (speed)
rCold   . . .      Faith    .   (shield currently unavailable)
rNeg    . . .      Spirit   .   b - +0 leather armour
rPois   .          Reflect  .   (helmet restricted)
rElec   .          Harm     .   (no cloak)
rCorr   .          Rampage  .   (no gloves)
Will    .....                   (no boots)
Stlth   +.........              e - amulet of the acrobat
HPRegen 0.14/turn               (no ring)
MPRegen 0.10/turn               (no ring)

@: drained
A: horns 1, molten scales 2
a: no special abilities


You were on level 5 of the Dungeon.
You visited 1 branch of the dungeon, and saw 5 of its levels.

You collected 112 gold pieces.

Inventory:

Hand Weapons
 a - a +0 flail
 l - a +0 quarterstaff of speed (weapon)
Missiles
 d - 3 throwing nets (quivered)
 f - 109 stones
Armour
 b - a +0 leather armour (worn)
Jewellery
 e - an amulet of the acrobat (around neck)
Wands
 n - a wand of flame (13)
 p - a wand of polymorph (13)
Scrolls
 c - a scroll of enchant armour {unknown}
 i - 5 scrolls of identify {unknown}
 m - a scroll of fear {unknown}
 r - a scroll of enchant weapon {unknown}
Potions
 g - a potion of heal wounds {unknown}
 h - 2 potions of curing {unknown}
 j - a potion of haste {unknown}
 k - 2 potions of cancellation {unknown}
 o - a potion of flight {unknown}
 q - a potion of ambrosia {unknown}


   Skills:
 + Level 3.3 Fighting
 + Level 3.7 Maces & Flails
 + Level 3.1 Throwing
 + Level 1.9 Armour
 + Level 3.7 Dodging


You had 5 spell levels left.
You didn't know any spells.
Your spell library was empty.

Dungeon Overview and Level Annotations

Branches:
Dungeon (5/15)
 Temple: D:4-7

Altars:


Innate Abilities, Weirdness & Mutations

You have a pair of small horns on your head.
You are mostly covered in molten scales. (AC +3)


Message History

The ball python is severely wounded.
The ball python closely misses you. x2
You closely miss the ball python.
The ball python is moderately wounded.
The ball python closely misses you. The ball python completely misses you.
You hit the ball python.
You kill the ball python!
No target in view!
You open the door.
There is an open door here.
You open the door.
There is an open door here.
You fall into a shaft and drop 2 floors!
The shaft crumbles and collapses.
Found a stone staircase leading up.
Found a buckler.
Found 5 gold pieces.
There is a stone staircase leading up here.
You climb upwards.
The iguana hisses angrily.
The hobgoblin shouts!
Found 3 scrolls labelled WISHAT QUFENA.
There is a stone staircase leading down here.
The hobgoblin hits you. The wight hits you with a +0 war axe.
You climb downwards.
There is a stone staircase leading up here.
You hit the hobgoblin. You headbutt the hobgoblin.
You kill the hobgoblin!
The wight hits you from afar with a +2 trident!
You feel drained.
You barely miss the wight. Your headbutt misses the wight.
The wight hits you with a +0 war axe.
You feel drained.
You hit the wight.
The wight is moderately damaged.
The wight hits you from afar with a +2 trident!
* * * LOW HITPOINT WARNING * * *
The wight misses you.
You thump the wight!
The wight is almost destroyed.
The wight hits you from afar with a +2 trident!
You die...

....#
.###########...####
..................+
.##########<...###
#.#..# #[...#
####z# #z# #@# #.#
#.# #.# #.. ###


You could see 2 wights.

Vanquished Creatures
  Sigmund (D:2)
  Natasha (thrice) (D:2)
  A gnoll (D:1)
  A worm (D:2)
  3 dart slugs
  5 ball pythons
  4 endoplasms
  2 giant cockroaches
  6 goblins
  7 hobgoblins
  3 jackals (D:2)
  12 kobolds
  5 bats
  8 frilled lizards
  6 rats
67 creatures vanquished.

Notes
Turn   | Place    | Note
-------+----------+-------------------------------------------
     0 | D:1      | siradein the Demonspawn Gladiator began the quest for the
                  | Orb.
     0 | D:1      | Reached XP level 1. HP: 16/16 MP: 1/1
   135 | D:1      | Gained mutation: You have a pair of small horns on your
                  | head. [demonic ancestry]
   135 | D:1      | Reached XP level 2. HP: 11/22 MP: 2/2
   525 | D:1      | Gained mutation: You are partially covered in molten
                  | scales. (AC +2) [demonic ancestry]
   525 | D:1      | Reached XP level 3. HP: 28/28 MP: 3/3
  1007 | D:1      | Found a faded altar of an unknown god.
  1150 | D:2      | Noticed Natasha
  1169 | D:2      | Killed Natasha
  1170 | D:2      | Gained mutation: You are mostly covered in molten scales.
                  | (AC +3) [demonic ancestry]
  1170 | D:2      | Reached XP level 4. HP: 20/34 MP: 4/4
  1339 | D:2      | Noticed Sigmund
  1517 | D:2      | Killed Sigmund
  1518 | D:2      | Reached skill level 1 in Armour
  1518 | D:2      | Reached XP level 5. HP: 27/41 MP: 5/5
  1642 | D:2      | Noticed Natasha
  1657 | D:2      | Killed Natasha
  1658 | D:2      | Reached XP level 6. HP: 25/47 MP: 6/6
  1932 | D:2      | Noticed Natasha
  1957 | D:2      | Killed Natasha
  2479 | D:3      | You fall into a shaft and drop 2 floors!
  2479 | D:5      | Entered Level 5 of the Dungeon
  2497 | D:5      | Slain by a wight

Illustrated notes

Levels and vault maps discovered:
D:1:      nicolae_arrival_somewhat_less_tricky_arrival, layout_rooms,
          chequers_ecumenical_altar_simple_redux, minmay_octomino_c4
D:2:      layout_loops_ring, uniq_natasha, uniq_sigmund
D:3:      layout_basic
D:4:      layout_gridville, grunt_temple_overflow_magic_moments, temple_pool_b,
          serial_shops, shop, minmay_misc_feat_columns
D:5:      layout_loops_corners, hangedman_decor_growths, uniq_blork_the_orc,
          uniq_crazy_yiuf_cottage

Skill      XL: |  1  2  3  4 |
---------------+-------------+-----
Throwing       | 2 3 |  3.1
Maces & Flails | 3 |  3.7
Dodging        | 3 |  3.7
Fighting       | 3 |  3.3
Armour         | 1 |  1.9

Action                   |  1- 3 |  4- 6 || total
-------------------------+-------+-------++-------
Melee: Flail             |   107 |       ||   107
       Headbutt          |    22 |    10 ||    32
       Quarterstaff      |    23 |    64 ||    87
       Unarmed           |       |     9 ||     9
Throw: Stone             |       |     1 ||     1
       Throwing net      |       |     1 ||     1
Armor: Leather armour    |    41 |    13 ||    54
       Skin              |       |     1 ||     1
Dodge: Dodged            |   114 |    45 ||   159

Table legend: (Time is in decaauts)
 A = Elapsed time spent in this place.
 B = Non-inter-level travel time spent in this place.
 C = Inter-level travel time spent in this place.
 D = Time resting spent in this place.
 E = Time spent auto-exploring this place.
 F = Levels seen in this place.
 G = Mean time per level.
                   A        B        C        D        E       F      G
               +--------+--------+--------+--------+--------+-----+--------+
         Total |   2516 |   2482 |     34 |    314 |   1658 |   5 |  503.2 |
       Dungeon |   2516 |   2482 |     34 |    314 |   1658 |   5 |  503.2 |
               +--------+--------+--------+--------+--------+-----+--------+

Top non-repeatable levels by time:
     D:2: 1192 daAuts
     D:1: 1138 daAuts
     D:3: 168 daAuts
     D:5: 15 daAuts
     D:4: 1 daAuts
